 Dungeon Crawl Stone Soup version 0.27-a0-46-g34d46f0a3f (webtiles) character file.

Game seed: 16781278160364852796

413 Borgoz the Ruffian (level 6, -5/52 HPs)
             Began as a Ghoul Gladiator on Jan 6, 2021.
             Slain by a killer bee (6 damage)
             ... on level 4 of the Dungeon.
             The game lasted 00:03:11 (3737 turns).

Borgoz the Ruffian (Ghoul Gladiator)                Turns: 3737, Time: 00:03:11

Health: -5/52      AC:  4    Str: 18    XL:     6   Next: 90%
Magic:  5/5        EV: 14    Int:  3    God:
Gold:   147        SH:  0    Dex: 12    Spells: 5/5 levels left

rFire    . . .     SeeInvis .     - Unarmed
rCold    + . .     Faith    .   (no shield)
rNeg     + + +     Spirit   .   l - +0 leather armour (curse)
rPois    ∞         Reflect  .   b - +0 helmet
rElec    .         Harm     .   (no cloak)
rCorr    .         Rampage  .   (no gloves)
Will     .....                  (no boots)
Stlth    +.........             (no amulet)
HPRegen  0.00/turn              (no ring)
MPRegen  0.09/turn              (no ring)

@: very slightly contaminated, invisible
A: claws 1, cold resistance 1, negative energy resistance 3, inhibited
regeneration, torment resistance, unbreathing
a: no special abilities


You were on level 4 of the Dungeon.
You visited 1 branch of the dungeon, and saw 4 of its levels.

You collected 147 gold pieces.

Inventory:

Missiles
 c - 3 throwing nets (quivered)
Armour
 a - a +1 leather armour of poison resistance
 b - a +0 helmet (worn)
 l - a cursed +0 leather armour (worn)
 m - a +0 ring mail
Scrolls
 f - 3 scrolls of teleportation
Potions
 d - a potion of brilliance {unknown}
 e - a potion of lignification {unknown}
 h - 2 potions of invisibility
 j - 2 potions of curing {unknown}
 k - a potion of haste {unknown}


   Skills:
 + Level 4.0 Fighting
 - Level 1.7 Throwing
 * Level 4.7 Dodging
 * Level 5.8 Unarmed Combat


You had 5 spell levels left.
You didn't know any spells.
Your spell library was empty.

Dungeon Overview and Level Annotations

Branches:
Dungeon (4/15)
 Temple: D:4-7

Altars:
Trog


Innate Abilities, Weirdness & Mutations

You thrive by killing the living.
You are immune to poison.
You have sharp fingernails.
Your flesh is cold resistant. (rC+)
You are immune to negative energy. (rN+++)
You do not regenerate when monsters are visible.
You are immune to unholy pain and torment.
You can survive without breathing.


Message History

You claw the killer bee!
The killer bee is almost dead.
The killer bee closely misses you. x2
You barely miss the killer bee.
The killer bee is almost dead.
The killer bee barely misses you. The killer bee stings you!
* * * LOW HITPOINT WARNING * * *
You claw the killer bee!
You kill the killer bee!
The killer bee closely misses you.
Your Fighting skill increases to level 4!
You claw the killer bee!
The killer bee is severely wounded.
The killer bee closely misses you.
You miss the killer bee.
The killer bee is severely wounded.
The killer bee stings you!
* * * LOW HITPOINT WARNING * * *
The killer bee stings you.
You die...

#.#.###.###.#
#..#
#.#....<....#
#.. #
#####.###.#
#.# #.#
#.#####.####
#.#
#..........#
(.#
######.###.#
### #.# # #.#
#@# #y# #y#
#y# #S# .y.
... ... ##...


You could see 4 killer bees and an adder.

Vanquished Creatures
  An ogre (D:3)
  Blork the orc (D:4)
  A killer bee (D:4)
  An orc wizard (D:3)
  A hound skeleton (D:4)
  9 adders
  An ooze (D:2)
  2 worms
  3 dart slugs
  2 leopard geckos (D:3)
  9 orcs (D:3)
  A giant cockroach (D:3)
  11 goblins
  5 hobgoblins
  8 jackals (D:2)
  A ball python (D:1)
  4 bats
  7 frilled lizards
  9 kobolds
  6 rats
83 creatures vanquished.

Notes
Turn   | Place    | Note
-------+----------+-------------------------------------------
     0 | D:1      | Borgoz the Ghoul Gladiator began the quest for the Orb.
     0 | D:1      | Reached XP level 1. HP: 17/17 MP: 0/0
   220 | D:1      | Reached XP level 2. HP: 16/25 MP: 1/1
  1168 | D:1      | Reached XP level 3. HP: 28/30 MP: 2/2
  1482 | D:2      | Reached skill level 4 in Unarmed Combat
  1932 | D:2      | Reached XP level 4. HP: 25/37 MP: 3/3
  2607 | D:3      | Found a bloodstained altar of Trog.
  2609 | D:3      | Noticed an ogre
  2624 | D:3      | Killed an ogre
  2625 | D:3      | Reached XP level 5. HP: 45/45 MP: 4/4
  2641 | D:3      | Reached skill level 5 in Unarmed Combat
  2880 | D:3      | Reached XP level 6. HP: 36/51 MP: 5/5
  3521 | D:4      | Noticed Blork the orc
  3536 | D:4      | Killed Blork the orc
  3737 | D:4      | HP: 1/52 [killer bee (8)]
  3737 | D:4      | Slain by a killer bee

Illustrated notes

Levels and vault maps discovered:
D:1:      eino_arrival_tree_alley, layout_basic
D:2:      layout_loops_ring, minmay_misc_feat_diagonals
D:3:      layout_rooms, trog_three_pillars_becter
D:4:      layout_loops_corners, nicolae_dithmenos_shadow_blocks,
          portal_sewer_entry_f, uniq_eustachio, uniq_blork_the_orc, uniq_natasha

Skill      XL: |  1  2  3  4  5  6 |
---------------+-------------------+-----
Dodging        | 3 4 |  4.7
Unarmed Combat | 4 5 |  5.8
Fighting       | 3 4 |  4.0
Throwing       | |  1.7

Action                   |  1- 3 |  4- 6 || total
-------------------------+-------+-------++-------
Melee: Unarmed           |   127 |   193 ||   320
       Punch             |     1 |     1 ||     2
  Use: Scroll            |       |     3 ||     3
       Potion            |       |     1 ||     1
 Stab: Sleeping          |       |     1 ||     1
       Invisible         |       |     1 ||     1
Armor: Leather armour    |    26 |    49 ||    75
Dodge: Dodged            |    72 |   171 ||   243

Table legend: (Time is in decaauts)
 A = Elapsed time spent in this place.
 B = Non-inter-level travel time spent in this place.
 C = Inter-level travel time spent in this place.
 D = Time resting spent in this place.
 E = Time spent auto-exploring this place.
 F = Levels seen in this place.
 G = Mean time per level.
                   A        B        C        D        E       F      G
               +--------+--------+--------+--------+--------+-----+--------+
         Total |   3711 |   3542 |    169 |    839 |   2095 |   4 |  927.8 |
       Dungeon |   3711 |   3542 |    169 |    839 |   2095 |   4 |  927.8 |
               +--------+--------+--------+--------+--------+-----+--------+

Top non-repeatable levels by time:
     D:2: 1327 daAuts
     D:1: 1255 daAuts
     D:3: 903 daAuts
     D:4: 224 daAuts
